[ AOE2 MATCH · #506578103 ]
UnrankedBulgarians vs Cumans
Player's team · LOSS
Rival team · WIN
[ REPLAY ANALYSIS · EXTRACTED FROM THE RECORDED GAME ]
Feudal
9:16
Castle
—
Imperial
—
| APM avg | 72.5 |
| APM peak | 101 |
| eAPM avg | 18.8 |
| Villagers / military | 36 / 15 |
Focus
⚔️ 25.7% · 🌾 74.3%
Skirmisher ×9 · Militia ×3 · Spearman ×3
Feudal
8:59
Castle
—
Imperial
—
| APM avg | 63.4 |
| APM peak | 124 |
| eAPM avg | 23.7 |
| Villagers / military | 44 / 19 |
Focus
⚔️ 31.3% · 🌾 68.7%
Archer ×14 · Scout Cavalry ×4 · Spearman ×1
Match map
Initial resources + every placement click. Lines = walls · curves = elevation contours. ◆ gold · ⬟ stone · ● berries · ✦ relic · ◌ wall gap
Your base· Open — unwalled flank
_DaViCy_'s base· Open — unwalled flank
Smoothed initial terrain · ◌ = detected wall gap · hover for details
Inputs per minute
— PomPom - - _DaViCy_
Build order — PomPom
88 actions detected in the replay
| 0:00 | Create | Villager (Male) |
| 0:00 | Create | Villager (Male) |
| 0:02 | Build | House |
| 0:02 | Build | House |
| 0:09 | Create | Villager (Male) |
| 0:09 | Create | Villager (Male) |
| 1:28 | Create | Villager (Male) |
| 2:02 | Create | Villager (Male) |
| 2:17 | Create | Villager (Male) |
| 2:18 | Create | Villager (Male) |
| 2:20 | Build | Lumber Camp |
| 2:48 | Create | Villager (Male) |
| 3:03 | Create | Villager (Male) |
| 3:36 | Create | Villager (Male) |
| 3:53 | Build | House |
| 4:00 | Create | Villager (Male) |
| 4:21 | Create | Villager (Male) |
| 4:58 | Create | Villager (Male) |
| 5:12 | Create | Villager (Male) |
| 5:22 | Build | Palisade Gate |
| 5:32 | Build | Barracks |
| 5:39 | Create | Villager (Male) |
| 5:59 | Research | Loom |
| 6:10 | Build | House |
| 7:06 | Research | Feudal Age |
| 7:18 | Build | Mill |
| 7:34 | Create | Militia |
| 7:55 | Create | Militia |
| 7:58 | Build | Mill |
| 8:05 | Create | Militia |
| 8:37 | Create | Villager (Male) |
| 8:54 | Create | Villager (Male) |
| 9:16 | Age | Feudal Age |
| 9:20 | Research | Double-Bit Axe |
| 9:20 | Research | Double-Bit Axe |
| 10:03 | Create | Villager (Male) |
| 10:21 | Build | Watch Tower |
| 10:26 | Create | Villager (Male) |
| 10:30 | Build | Farm |
| 10:32 | Build | Farm |
| 10:34 | Research | Town Watch |
| 10:36 | Build | House |
| 10:59 | Create | Villager (Male) |
| 10:59 | Create | Villager (Male) |
| 11:04 | Build | Farm |
| 11:11 | Build | House |
| 11:35 | Create | Villager (Male) |
| 11:45 | Build | Archery Range |
| 11:54 | Build | Farm |
| 11:56 | Build | Farm |
| 12:21 | Create | Villager (Male) |
| 12:21 | Create | Villager (Male) |
| 12:23 | Build | Farm |
| 12:49 | Create | Villager (Male) |
| 12:51 | Build | Farm |
| 12:54 | Create | Skirmisher |
| 12:55 | Create | Skirmisher |
| 13:11 | Build | House |
| 13:22 | Create | Villager (Male) |
| 13:23 | Create | Villager (Male) |
| 13:28 | Create | Skirmisher |
| 13:34 | Create | Skirmisher |
| 13:45 | Create | Villager (Male) |
| 13:53 | Create | Skirmisher |
| 14:26 | Create | Villager (Male) |
| 14:41 | Create | Skirmisher |
| 14:41 | Create | Skirmisher |
| 14:44 | Create | Villager (Male) |
| 15:01 | Build | House |
| 15:06 | Create | Skirmisher |
| 15:25 | Build | Blacksmith |
| 15:32 | Create | Villager (Male) |
| 15:47 | Build | House |
| 15:57 | Create | Villager (Male) |
| 16:00 | Build | Mining Camp |
| 16:29 | Create | Spearman |
| 16:40 | Create | Villager (Male) |
| 16:40 | Create | Villager (Male) |
| 17:05 | Create | Villager (Male) |
| 17:07 | Build | Lumber Camp |
| 17:19 | Create | Skirmisher |
| 17:23 | Create | Spearman |
| 17:37 | Build | Palisade Wall |
| 17:40 | Build | House |
| 17:40 | Build | House |
| 17:43 | Build | Watch Tower |
| 17:51 | Research | Fletching |
| 17:53 | Create | Spearman |
Build order — _DaViCy_
129 actions detected in the replay
| 0:00 | Create | Villager (Male) |
| 0:01 | Build | House |
| 0:04 | Build | House |
| 0:07 | Create | Villager (Male) |
| 0:07 | Create | Villager (Male) |
| 0:09 | Create | Villager (Male) |
| 0:09 | Create | Villager (Male) |
| 1:23 | Create | Villager (Male) |
| 1:59 | Create | Villager (Male) |
| 1:59 | Create | Villager (Male) |
| 2:02 | Build | Lumber Camp |
| 2:19 | Create | Villager (Male) |
| 2:19 | Create | Villager (Male) |
| 2:46 | Create | Villager (Male) |
| 2:46 | Create | Villager (Male) |
| 3:04 | Create | Villager (Male) |
| 3:32 | Create | Villager (Male) |
| 3:32 | Create | Villager (Male) |
| 3:58 | Build | House |
| 4:03 | Create | Villager (Male) |
| 4:03 | Create | Villager (Male) |
| 4:08 | Create | Villager (Male) |
| 4:09 | Create | Villager (Male) |
| 4:22 | Build | Mill |
| 4:58 | Create | Villager (Male) |
| 5:00 | Create | Villager (Male) |
| 5:00 | Create | Villager (Male) |
| 5:36 | Research | Loom |
| 6:07 | Build | Mining Camp |
| 6:18 | Create | Villager (Male) |
| 6:49 | Research | Feudal Age |
| 6:49 | Research | Feudal Age |
| 7:12 | Build | House |
| 7:17 | Build | Palisade Wall |
| 7:20 | Build | Palisade Wall |
| 7:25 | Build | Palisade Wall |
| 7:29 | Build | Palisade Wall |
| 7:34 | Build | Palisade Wall |
| 7:47 | Build | Palisade Wall |
| 8:02 | Build | Barracks |
| 8:18 | Build | Palisade Wall |
| 8:20 | Build | Palisade Wall |
| 8:26 | Build | Palisade Wall |
| 8:27 | Build | Palisade Wall |
| 8:28 | Build | Palisade Wall |
| 8:30 | Build | Palisade Wall |
| 8:40 | Build | Palisade Wall |
| 8:42 | Build | Palisade Wall |
| 8:44 | Build | Palisade Wall |
| 8:46 | Build | Palisade Wall |
| 8:48 | Create | Villager (Male) |
| 8:49 | Create | Villager (Male) |
| 8:59 | Age | Feudal Age |
| 9:23 | Build | Archery Range |
| 9:29 | Build | House |
| 9:31 | Build | Palisade Wall |
| 9:35 | Create | Villager (Male) |
| 9:38 | Research | Double-Bit Axe |
| 9:38 | Research | Double-Bit Axe |
| 9:48 | Build | House |
| 9:54 | Build | Palisade Wall |
| 10:13 | Create | Villager (Male) |
| 10:13 | Create | Archer |
| 10:21 | Create | Villager (Male) |
| 10:22 | Create | Villager (Male) |
| 10:28 | Build | Watch Tower |
| 10:29 | Build | Palisade Wall |
| 10:42 | Create | Archer |
| 10:56 | Create | Villager (Male) |
| 11:20 | Build | House |
| 11:22 | Build | House |
| 11:25 | Build | Palisade Wall |
| 11:27 | Build | Palisade Wall |
| 11:28 | Build | Palisade Wall |
| 11:32 | Create | Archer |
| 11:35 | Build | Farm |
| 11:38 | Build | Farm |
| 11:39 | Build | Farm |
| 11:54 | Build | Farm |
| 12:06 | Build | Farm |
| 12:08 | Create | Archer |
| 12:19 | Create | Villager (Male) |
| 12:19 | Create | Villager (Male) |
| 12:25 | Create | Archer |
| 12:29 | Build | Farm |
| 12:31 | Build | Farm |
| 12:49 | Create | Villager (Male) |
| 12:51 | Create | Archer |
| 13:08 | Create | Villager (Male) |
| 13:09 | Build | Farm |
| 13:17 | Build | Farm |
| 13:31 | Create | Spearman |
| 13:33 | Create | Archer |
| 13:38 | Create | Villager (Male) |
| 13:40 | Build | Farm |
| 13:56 | Create | Villager (Male) |
| 14:01 | Build | Farm |
| 14:13 | Create | Villager (Male) |
| 14:26 | Build | Stable |
| 14:29 | Create | Archer |
| 14:35 | Create | Villager (Male) |
| 14:51 | Create | Archer |
| 15:21 | Create | Scout Cavalry |
| 15:21 | Create | Scout Cavalry |
| 15:24 | Create | Archer |
| 15:25 | Create | Villager (Male) |
| 15:29 | Build | Blacksmith |
| 15:46 | Create | Archer |
| 15:50 | Create | Villager (Male) |
| 15:51 | Build | Farm |
| 15:56 | Build | House |
| 16:00 | Build | House |
| 16:19 | Create | Villager (Male) |
| 16:22 | Create | Scout Cavalry |
| 16:23 | Create | Archer |
| 16:32 | Create | Scout Cavalry |
| 16:38 | Research | Fletching |
| 16:38 | Research | Fletching |
| 17:04 | Create | Villager (Male) |
| 17:06 | Create | Archer |
| 17:22 | Build | Mill |
| 17:23 | Build | Farm |
| 17:23 | Build | Farm |
| 17:24 | Build | Farm |
| 17:28 | Build | House |
| 17:35 | Create | Archer |
| 17:35 | Create | Villager (Male) |
| 17:37 | Create | Villager (Male) |
| 17:51 | Build | Farm |
Match timeline
| 5:32 | PomPom · first_building Barracks |
| 7:17 | _DaViCy_ · wall_segment Palisade Wall x1 |
| 7:20 | _DaViCy_ · wall_segment Palisade Wall x1 |
| 7:25 | _DaViCy_ · wall_segment Palisade Wall x1 |
| 7:29 | _DaViCy_ · wall_segment Palisade Wall x1 |
| 7:34 | _DaViCy_ · wall_segment Palisade Wall x4 |
| 7:47 | _DaViCy_ · wall_segment Palisade Wall x1 |
| 8:02 | _DaViCy_ · first_building Barracks |
| 8:18 | _DaViCy_ · wall_segment Palisade Wall x1 |
| 8:20 | _DaViCy_ · wall_segment Palisade Wall x1 |
| 8:26 | _DaViCy_ · wall_segment Palisade Wall x2 |
| 8:27 | _DaViCy_ · wall_segment Palisade Wall x1 |
| 8:28 | _DaViCy_ · wall_segment Palisade Wall x1 |
| 8:30 | _DaViCy_ · wall_segment Palisade Wall x1 |
| 8:40 | _DaViCy_ · wall_segment Palisade Wall x1 |
| 8:42 | _DaViCy_ · wall_segment Palisade Wall x1 |
| 8:44 | _DaViCy_ · wall_segment Palisade Wall x1 |
| 8:46 | _DaViCy_ · wall_segment Palisade Wall x1 |
| 8:59 | _DaViCy_ · age_up feudal |
| 9:16 | PomPom · age_up feudal |
| 9:23 | _DaViCy_ · first_building Archery Range |
| 9:31 | _DaViCy_ · wall_segment Palisade Wall x1 |
| 9:54 | _DaViCy_ · wall_segment Palisade Wall x1 |
| 10:29 | _DaViCy_ · wall_segment Palisade Wall x1 |
| 11:25 | _DaViCy_ · wall_segment Palisade Wall x1 |
| 11:27 | _DaViCy_ · wall_segment Palisade Wall x1 |
| 11:28 | _DaViCy_ · wall_segment Palisade Wall x1 |
| 11:45 | PomPom · first_building Archery Range |
| 14:26 | _DaViCy_ · first_building Stable |
| 17:37 | PomPom · wall_segment Palisade Wall x2 |
| 18:15 | PomPom · resign |
[ AI ANALYSIS · 1 CREDIT ]
What really happened in this match?
Wolo.gg analyzes every decision: build order, eco, micro, common mistakes by bracket. Personalized analysis on WhatsApp or Discord in 30 seconds.
Civ guide
Bulgarians
Perfil
Jugador #455708